[Event "Titled Tuesday Blitz June 15 2021"]
[White "Babiy, Olga"]
[Black "Seo, Jung Min"]
[WhiteFideId "14117258"]
[BlackFideId "1734687"]
[WhiteElo "2213"]
[BlackElo "2486"]
[Result "0-1"]
[Round "07"]
[TimeControl "180+1"]
[Date "2021.06.15"]
[WhiteClock "0:00:25"]
[BlackClock "0:02:11"]

1. Nf3 g6 2. g3 Bg7 3. Bg2 d5 4. O-O e5 5. d3 Ne7 6. e4 O-O 7. Re1 d4 8. c3 c5 9. b4 b6 10. a3 Nbc6 11. b5 Na5 12. cxd4 cxd4 13. a4 Be6 14. Nbd2 f6 15. Ba3 Qd7 16. Rc1 Rfc8 17. Bb4 Nb7 18. Qe2 a6 19. Nc4 Bxc4 20. dxc4 a5 21. Bxe7 Qxe7 22. Nd2 Bh6 23. f4 Nc5 24. Bh3 Rd8 25. Rf1 Nxa4 26. fxe5 fxe5 27. Ra1 Nc5 28. Rf3 d3 29. Qf2 Bxd2 30. Qxd2 Nb3 31. Qa2 Nxa1 32. c5+ Kh8 33. Rf7 Qxc5+ 34. Kg2 Qc2+ 0-1


[Site "https://www.chess.com"]

[Event "Titled Tuesday Blitz June 15 2021"]
[White "Baskin, Robert"]
[Black "Vokhidov, Shamsiddin"]
[WhiteFideId "24662402"]
[BlackFideId "14204223"]
[WhiteElo "2462"]
[BlackElo "2572"]
[Result "1-0"]
[Round "07"]
[TimeControl "180+1"]
[Date "2021.06.15"]
[WhiteClock "0:00:27"]
[BlackClock "0:01:03"]

1. d4 Nf6 2. c4 e6 3. Nf3 b6 4. a3 Ba6 5. Qc2 Bb7 6. Nc3 c5 7. e4 cxd4 8. Nxd4 Nc6 9. Nxc6 Bxc6 10. Bf4 Bc5 11. Be2 O-O 12. e5 Nh5 13. Bxh5 Qh4 14. Bf3 Bxf3 15. Bg3 Qxc4 16. gxf3 f6 17. Qe4 Bd4 18. O-O-O Rac8 19. Qxd4 Qa2 20. exf6 Rxf6 21. Qxd7 Rxc3+ 22. bxc3 Rxf3 23. Qc8+ Kf7 24. Qb7+ Kg6 25. Qxf3 Qxa3+ 26. Kd2 1-0


[Site "https://www.chess.com"]

[Event "Titled Tuesday Blitz June 15 2021"]
[White "Bok, Benjamin"]
[Black "Gormally, Daniel W"]
[WhiteFideId "1017063"]
[BlackFideId "406465"]
[WhiteElo "2658"]
[BlackElo "2543"]
[Result "0-1"]
[Round "07"]
[TimeControl "180+1"]
[Date "2021.06.15"]
[WhiteClock "0:00:03"]
[BlackClock "0:00:13"]

1. d4 Nf6 2. c4 g6 3. Nf3 Bg7 4. g3 O-O 5. Bg2 d6 6. O-O Nbd7 7. Nc3 e5 8. e4 c6 9. Be3 Re8 10. h3 exd4 11. Nxd4 Nc5 12. Qc2 a5 13. Rfe1 Nfd7 14. Rad1 a4 15. Nde2 Qe7 16. b4 axb3 17. axb3 Na6 18. Rd2 Ndc5 19. Qd1 Bf8 20. Bf4 Qc7 21. Bxd6 Bxd6 22. Rxd6 Nxb3 23. e5 Nac5 24. f4 Ra1 25. Qxa1 Nxa1 26. Rxa1 Be6 27. g4 Bxc4 28. Ng3 Qb6 29. Kh2 Qb2 30. Nce4 Nxe4 31. Nxe4 Qxa1 32. Nf6+ Kf8 33. Rd7 Qc1 34. Kg3 Qe3+ 35. Bf3 Be2 36. Nxh7+ Kg7 37. Ng5 Bxf3 38. Nxf3 Ra8 39. e6 Ra3 40. Rxf7+ Kg8 41. Kh4 Qxf3 42. Kg5 Ra5+ 43. Kxg6 Qxh3 44. Kf6 Qxg4 45. Ke7 Ra8 46. f5 Qb4+ 47. Kd7 Qd4+ 48. Kc7 Qd8+ 49. Kxb7 Rb8+ 50. Kxc6 Rb6+ 51. Kc5 Qd6+ 0-1


[Site "https://www.chess.com"]

[Event "Titled Tuesday Blitz June 15 2021"]
[White "Bologan, Victor"]
[Black "Karttunen, Mika"]
[WhiteFideId "13900048"]
[BlackFideId "502081"]
[WhiteElo "2511"]
[BlackElo "2343"]
[Result "1-0"]
[Round "07"]
[TimeControl "180+1"]
[Date "2021.06.15"]
[WhiteClock "0:00:36"]
[BlackClock "0:00:14"]

1. e4 c5 2. Nf3 d6 3. c3 Nf6 4. Bd3 Nc6 5. Bc2 e5 6. O-O Be7 7. h3 O-O 8. d4 Qc7 9. d5 Nd8 10. c4 Ne8 11. Nc3 g6 12. Bh6 Ng7 13. Kh2 f6 14. g4 Nf7 15. Qd2 Bd7 16. Rg1 a6 17. a4 b6 18. Be3 Rab8 19. Bd3 Qd8 20. Rg2 Ng5 21. Ng1 Nf7 22. Rb1 Kh8 23. f4 exf4 24. Bxf4 Ne5 25. Be2 Re8 26. Rf1 Rf8 27. Nf3 Nf7 28. b3 Qe8 29. Qc2 Qc8 30. Bc1 Qc7 31. Bb2 Rbe8 32. Nd1 Qb7 33. Ne3 b5 34. axb5 axb5 35. g5 Ne5 36. gxf6 Bxf6 37. Nxe5 Bxe5+ 38. Bxe5 dxe5 39. Rxf8+ Rxf8 40. cxb5 Rc8 41. Qc3 Qb8 42. Rf2 Rf8 43. Nd1 Rxf2+ 44. Nxf2 Bxb5 45. Bxb5 Qxb5 46. Qxe5 Qxb3 47. Qd6 Qb5 48. Qf8# 1-0


[Site "https://www.chess.com"]

[Event "Titled Tuesday Blitz June 15 2021"]
[White "Bryakin, Mikhail"]
[Black "Navalgund, Niranjan"]
[WhiteFideId "4165314"]
[BlackFideId "5030854"]
[WhiteElo "2409"]
[BlackElo "2290"]
[Result "0-1"]
[Round "07"]
[TimeControl "180+1"]
[Date "2021.06.15"]
[WhiteClock "0:02:14"]
[BlackClock "0:01:23"]

1. e4 e5 2. Nf3 Nc6 3. Bc4 Nf6 4. O-O Nxe4 5. Re1 d5 6. Bb5 Bc5 7. d4 exd4 8. Nxd4 Qf6 9. Be3 O-O 10. Bxc6 bxc6 11. c3 Bb6 12. f3 Ng5 13. Nd2 c5 14. N4b3 c4 15. Nd4 c5 16. Nc2 Bf5 17. Bf2 Qg6 18. Ne3 Nh3+ 19. Kf1 Bd3+ 20. Re2 Nf4 0-1


[Site "https://www.chess.com"]

[Event "Titled Tuesday Blitz June 15 2021"]
[White "Chernomordik, Pavel"]
[Black "Nestorovic, Nikola"]
[WhiteFideId "2804530"]
[BlackFideId "934526"]
[WhiteElo "2299"]
[BlackElo "2411"]
[Result "0-1"]
[Round "07"]
[TimeControl "180+1"]
[Date "2021.06.15"]
[WhiteClock "0:00:04"]
[BlackClock "0:00:13"]

1. e4 c5 2. Nc3 a6 3. g3 b5 4. Bg2 Bb7 5. Qe2 e6 6. d3 Nc6 7. f4 Nd4 8. Qf2 Nf6 9. h3 d5 10. e5 Nd7 11. Nd1 h5 12. c3 Nc6 13. Nf3 Be7 14. O-O Qc7 15. Bd2 a5 16. Ne3 Nb6 17. d4 g6 18. b3 a4 19. Rfc1 Na5 20. dxc5 Bxc5 21. b4 Bxe3 22. Bxe3 Nac4 23. Bc5 Nd7 24. Bd4 O-O-O 25. Ng5 Nb8 26. Bf1 Nc6 27. Bc5 Rd7 28. Nf3 Nd8 29. Nd4 Ba6 30. Rd1 Nb7 31. Ba7 Nd8 32. Bc5 Kb8 33. Bxc4 bxc4 34. Bd6 Rxd6 35. exd6 Qxd6 36. Nf3 Bb5 37. Nd4 Bd7 38. b5 Nb7 39. Rab1 Rc8 40. Qe3 Nc5 41. Qe5 Qxe5 42. fxe5 Kc7 43. Rf1 Be8 44. b6+ Kb7 45. Nb5 Bxb5 46. Rxb5 Kc6 47. Rb4 Rf8 48. Kg2 a3 49. Rfb1 Rb8 50. Rc1 Nd3 51. Rf1 Nxb4 52. cxb4 Rb7 53. Kf3 d4 54. Ke4 d3 55. Kd4 Kb5 56. Kc3 Rd7 57. Rf2 g5 58. h4 gxh4 59. gxh4 Kxb6 60. Rd2 Kb5 61. Rf2 d2 62. Rxd2 Rxd2 63. Kxd2 Kxb4 64. Kc2 Kb5 65. Kd2 Kc5 66. Kc3 Kd5 67. Kb4 Kd4 68. Kxa3 Kd3 69. Kb4 c3 70. a4 c2 71. a5 c1=Q 72. a6 Qc7 0-1


[Site "https://www.chess.com"]

[Event "Titled Tuesday Blitz June 15 2021"]
[White "Chigaev, Maksim"]
[Black "Khanin, Semen"]
[WhiteFideId "4108116"]
[BlackFideId "4111990"]
[WhiteElo "2646"]
[BlackElo "2521"]
[Result "1-0"]
[Round "07"]
[TimeControl "180+1"]
[Date "2021.06.15"]
[WhiteClock "0:00:05"]
[BlackClock "0:00:02"]

1. c4 g6 2. g3 Bg7 3. Bg2 d6 4. Nc3 e5 5. d3 f5 6. Nf3 Nf6 7. O-O O-O 8. Rb1 a5 9. a3 Nc6 10. Bg5 h6 11. Bxf6 Bxf6 12. Nd2 Be6 13. Nd5 Bg7 14. b4 axb4 15. axb4 f4 16. b5 Nd4 17. e3 fxe3 18. Nxe3 c6 19. bxc6 bxc6 20. Nb3 Ra2 21. Nxd4 exd4 22. Nc2 c5 23. Ra1 Qa5 24. Rxa2 Qxa2 25. Be4 g5 26. Qb1 Qa5 27. Qb7 Qd2 28. Ne1 Bg4 29. Qd5+ Kh8 30. Qxd6 Bf5 31. Qd5 Bh3 32. Ng2 Bg4 33. Qc6 Bf5 34. h4 Bxe4 35. Qxe4 gxh4 36. Nxh4 Kg8 37. Ng6 Rf6 38. Nf4 Kf7 39. Rb1 Kg8 40. Rb8+ Bf8 41. Qd5+ Kg7 42. Nh5+ Kg6 43. Nxf6 Be7 44. Qe4+ Kxf6 45. Rb6+ Kf7 46. Qg6+ Kf8 47. Rb8+ Bd8 48. Qf6+ Ke8 49. Rxd8# 1-0


[Site "https://www.chess.com"]

[Event "Titled Tuesday Blitz June 15 2021"]
[White "Costachi, Mihnea"]
[Black "Kollars, Dmitrij"]
[WhiteFideId "1217518"]
[BlackFideId "12909572"]
[WhiteElo "2479"]
[BlackElo "2576"]
[Result "0-1"]
[Round "07"]
[TimeControl "180+1"]
[Date "2021.06.15"]
[WhiteClock "0:00:09"]
[BlackClock "0:00:12"]

1. d4 Nf6 2. c4 e6 3. Nf3 d5 4. Nc3 dxc4 5. e3 a6 6. Bxc4 b5 7. Bb3 Bb7 8. O-O Nbd7 9. e4 c5 10. e5 cxd4 11. Qxd4 Bc5 12. Qf4 Nh5 13. Qg4 g6 14. Ne4 Qc7 15. Bxe6 Nxe5 16. Nxe5 Qxe5 17. Nxc5 Qxc5 18. Bd7+ Kf8 19. Bh6+ Kg8 20. Rad1 Nf6 21. Qf4 Qh5 22. Qxf6 Qxh6 23. Qb6 Be4 24. f3 Bc2 25. Rc1 Qd2 26. Qc6 Rd8 27. Bh3 Qd4+ 28. Kh1 Bd3 29. Rfd1 Kg7 30. Qxa6 Rhe8 31. Qa3 Re3 32. Qc3 Qxc3 33. Rxc3 Bc4 34. Rdc1 Rxc3 35. bxc3 Bxa2 36. g3 Rd2 37. Bf1 Bc4 38. Bxc4 bxc4 39. f4 Kf6 40. Kg1 h5 41. h3 Kf5 42. Re1 Rd3 43. Re5+ Kf6 44. Kg2 Rxc3 45. Rc5 Ke6 46. g4 h4 47. f5+ Kd6 48. fxg6 fxg6 49. Rg5 Rg3+ 50. Kh2 c3 51. Rxg6+ Kd5 52. Rg8 Kc4 53. Rc8+ Kb3 54. Rb8+ Ka2 55. Ra8+ Kb2 56. Rb8+ Kc1 57. Rc8 c2 58. Rd8 Kb2 59. Rd2 Kb1 60. Rxc2 Kxc2 61. g5 Kd3 62. g6 Rxg6 63. Kh1 Ke2 64. Kh2 Kf2 65. Kh1 Rg5 66. Kh2 Rg3 67. Kh1 Rxh3# 0-1


[Site "https://www.chess.com"]

[Event "Titled Tuesday Blitz June 15 2021"]
[White "Dan-Lowes"]
[Black "Nazaretyan, Tigran"]
[BlackFideId "24162345"]
[WhiteElo "2131"]
[BlackElo "2247"]
[Result "1/2-1/2"]
[Round "07"]
[TimeControl "180+1"]
[Date "2021.06.15"]
[WhiteClock "0:00:01"]
[BlackClock "0:00:03"]

1. e4 c5 2. Nf3 Nc6 3. d4 cxd4 4. Nxd4 Nf6 5. Nc3 d6 6. Bg5 e6 7. Qd2 a6 8. O-O-O Bd7 9. f4 h6 10. Bxf6 Qxf6 11. Nxc6 Bxc6 12. g3 Qd8 13. Bg2 Be7 14. Kb1 Qb6 15. Rhe1 Qc5 16. f5 O-O 17. fxe6 fxe6 18. Bh3 Qe5 19. Rf1 b5 20. a3 a5 21. Ne2 Bxe4 22. Nd4 Bd5 23. Rxf8+ Rxf8 24. Re1 Bg5 25. Rxe5 Bxd2 26. Bxe6+ Bxe6 27. Rxe6 b4 28. axb4 axb4 29. Rxd6 Rf2 30. Rd7 Rxh2 31. Nf5 g5 32. g4 Bf4 33. Ka2 Rxc2 34. Kb3 Rh2 35. Kxb4 Rxb2+ 36. Kc4 Rh2 37. Rb7 Kf8 38. Kd5 h5 39. gxh5 Rxh5 40. Ke6 g4 41. Kf6 Rxf5+ 42. Kxf5 Bd6 43. Kf6 Ke8 44. Ke6 Bf4 45. Rg7 Kd8 46. Rxg4 Bh2 47. Rc4 Bg3 48. Rc5 Bh2 49. Rh5 Bg3 50. Rg5 Bh2 51. Rg7 Kc8 52. Kd5 Kb8 53. Kc6 Ka8 54. Kb6 Bf4 55. Rg8+ Bb8 56. Rg2 Bf4 57. Re2 Bg3 58. Ra2+ Kb8 59. Rg2 Bc7+ 60. Kc6 Bf4 61. Rg7 Ka8 62. Kb6 Be3+ 63. Ka6 Bf4 64. Re7 Kb8 65. Kb6 Ka8 66. Re4 Bg3 67. Rc4 Bf2+ 68. Ka6 Bg3 69. Rc2 Bf4 70. Kb6 Be3+ 71. Kc7 Bf4+ 72. Kc8 Be3 73. Rc6 Ba7 74. Rc4 Be3 75. Rb4 Ba7 76. Rb3 Bc5 1/2-1/2


[Site "https://www.chess.com"]

[Event "Titled Tuesday Blitz June 15 2021"]
[White "Demchenko, Anton"]
[Black "Yoo, Christopher Woojin"]
[WhiteFideId "4160258"]
[BlackFideId "30909694"]
[WhiteElo "2593"]
[BlackElo "2009"]
[Result "1-0"]
[Round "07"]
[TimeControl "180+1"]
[Date "2021.06.15"]
[WhiteClock "0:00:25"]
[BlackClock "0:00:01"]

1. e4 c5 2. Nf3 e6 3. g3 Nc6 4. Bg2 Nf6 5. Qe2 Be7 6. O-O d5 7. d3 O-O 8. e5 Nd7 9. c4 Re8 10. Nc3 d4 11. Nb1 Qc7 12. Re1 b6 13. Bf4 Bb7 14. h4 h6 15. Nbd2 Nb4 16. Rec1 Nf8 17. a3 Nc6 18. h5 Nh7 19. Ne4 Na5 20. Re1 Nb3 21. Rad1 a5 22. Nh2 a4 23. Qg4 Kh8 24. Qh3 Reb8 25. Ng4 Bf8 26. Nd6 Bxg2 27. Qxg2 Qd7 28. Nb5 Be7 29. Nh2 Ra5 30. Ng4 Bf8 31. Qe4 Rxb5 32. cxb5 Qxb5 33. Nh2 Qd7 34. Nf3 b5 35. Nd2 Na5 36. Qe2 Be7 37. Rc1 Qd5 38. Red1 Nf8 39. g4 Nd7 40. Nf3 Nc6 41. Re1 b4 42. g5 hxg5 43. Bxg5 Ndxe5 44. Nxe5 Bxg5 45. Nxf7+ Kg8 46. Nxg5 Qxg5+ 47. Kf1 e5 48. Qe4 Qf6 49. Rxc5 1-0


[Site "https://www.chess.com"]

[Event "Titled Tuesday Blitz June 15 2021"]
[White "Dobrov, Vladimir"]
[Black "Bayo Milagro, Alvaro"]
[WhiteFideId "4136594"]
[BlackFideId "22275240"]
[WhiteElo "2614"]
[BlackElo "2270"]
[Result "1-0"]
[Round "07"]
[TimeControl "180+1"]
[Date "2021.06.15"]
[WhiteClock "0:00:15"]
[BlackClock "0:00:12"]

1. e4 d6 2. d4 Nf6 3. Nc3 e5 4. Nf3 Nbd7 5. a4 Be7 6. a5 c6 7. Bc4 O-O 8. O-O Rb8 9. dxe5 Nxe5 10. Nxe5 dxe5 11. Be3 b5 12. axb6 axb6 13. Qf3 Qc7 14. h3 Bb7 15. Ne2 b5 16. Ba2 c5 17. Ng3 Qc6 18. Rad1 c4 19. Bg5 h6 20. Nf5 Rfe8 21. Bxf6 Qxf6 22. b3 Rbc8 23. bxc4 bxc4 24. Rd7 Ba8 25. Nxe7+ Rxe7 26. Qxf6 Rxd7 27. Qf5 Rcd8 28. Bxc4 g6 29. Qxg6+ Kf8 30. Qxh6+ Ke8 31. Qh8+ Ke7 32. Qxe5+ Kf8 33. Qh8+ Ke7 34. Qh4+ Kf8 35. Qf6 Bxe4 36. Qh8+ Ke7 37. Qe5+ Kf8 38. Qxe4 1-0


[Site "https://www.chess.com"]

[Event "Titled Tuesday Blitz June 15 2021"]
[White "Drygalov, Sergey"]
[Black "Sjugirov, Sanan"]
[WhiteFideId "24171743"]
[BlackFideId "4189302"]
[WhiteElo "2514"]
[BlackElo "2472"]
[Result "0-1"]
[Round "07"]
[TimeControl "180+1"]
[Date "2021.06.15"]
[WhiteClock "0:00:03"]
[BlackClock "0:00:21"]

1. e4 c5 2. Nf3 Nc6 3. d4 cxd4 4. Nxd4 e5 5. Nb5 d6 6. N1c3 a6 7. Na3 b5 8. Nd5 Nf6 9. Bg5 Be7 10. Bxf6 Bxf6 11. c3 O-O 12. Nc2 Be6 13. a4 Bxd5 14. exd5 Ne7 15. axb5 axb5 16. Bxb5 Qb6 17. c4 e4 18. O-O Bxb2 19. Rb1 Be5 20. Bc6 Qc5 21. Bxa8 Rxa8 22. Ne3 f5 23. g3 Bd4 24. Rb5 Qa7 25. Qe2 Rf8 26. Ng2 Ng6 27. Kh1 h6 28. f3 Re8 29. fxe4 fxe4 30. Rfb1 Kh7 31. Rb7 Qa3 32. Rd1 Bc5 33. Qg4 Qc3 34. h4 Qf3 35. Qxf3 exf3 36. Nf4 Nxf4 37. gxf4 Re4 38. Rf1 Rxf4 39. Kh2 f2 40. Kg3 Rxc4 41. h5 Re4 42. Rc7 Re5 43. Kg4 Rg5+ 44. Kh4 Rg1 0-1


[Site "https://www.chess.com"]

[Event "Titled Tuesday Blitz June 15 2021"]
[White "Eljanov, Pavel"]
[Black "Sargsyan, Anna M."]
[WhiteFideId "14102951"]
[BlackFideId "13308130"]
[WhiteElo "2602"]
[BlackElo "2263"]
[Result "1-0"]
[Round "07"]
[TimeControl "180+1"]
[Date "2021.06.15"]
[WhiteClock "0:00:59"]
[BlackClock "0:00:04"]

1. c4 c6 2. Nf3 d5 3. g3 Nf6 4. Bg2 Bf5 5. Qb3 Qb6 6. d3 e6 7. Be3 Qc7 8. Bf4 Qb6 9. O-O Nbd7 10. cxd5 exd5 11. Qc2 Be7 12. Nc3 O-O 13. e4 dxe4 14. dxe4 Be6 15. Ng5 Bc4 16. e5 Bxf1 17. Rxf1 h6 18. exf6 Nxf6 19. Nge4 Rad8 20. Be3 Qa5 21. a3 Rfe8 22. h3 Nd7 23. Bf4 Nf8 24. Ne2 Ne6 25. Be3 c5 26. h4 b5 27. h5 c4 28. Nf4 Nd4 29. Bxd4 Rxd4 30. Nc3 Bg5 31. Nfd5 Rd2 32. Qf5 Rxb2 33. Be4 Rxe4 34. Nxe4 Qd8 35. Rd1 1-0


[Site "https://www.chess.com"]

[Event "Titled Tuesday Blitz June 15 2021"]
[White "Grineva, Marianna"]
[Black "Materia, Marco"]
[WhiteFideId "14102013"]
[BlackFideId "45150451"]
[WhiteElo "1925"]
[BlackElo "2609"]
[Result "0-1"]
[Round "07"]
[TimeControl "180+1"]
[Date "2021.06.15"]
[WhiteClock "0:00:18"]
[BlackClock "0:00:16"]

1. e4 c5 2. Nf3 e6 3. d4 cxd4 4. Nxd4 Nc6 5. Nc3 Qc7 6. Be3 a6 7. Qf3 Bd6 8. O-O-O Be5 9. Nde2 Nge7 10. Qh3 g6 11. f4 Bg7 12. g4 b5 13. e5 Bb7 14. Bg2 h5 15. Ne4 hxg4 16. Qxg4 Nf5 17. Nd6+ Nxd6 18. Rxd6 Rc8 19. c3 b4 20. Rhd1 bxc3 21. Nxc3 Rxh2 22. Rxd7 Qxd7 23. Rxd7 Kxd7 24. Qd1+ Ke8 25. Bxc6+ Bxc6 26. Qd6 Bf8 27. Qd3 Bb7 28. a3 Be7 29. Kb1 Rh3 30. Qd2 Rc4 31. Qe2 Rc7 32. Bb6 Rc6 33. Ba5 Rc8 34. Bb4 Bd8 35. Ka2 a5 36. Bd6 Bc6 37. Qa6 Bd7 38. Ne4 Rc1 39. Qa8 Rc8 40. Qa7 Rh4 41. Nc5 Bc6 42. Nb7 Bd5+ 43. Kb1 Rh1+ 0-1


[Site "https://www.chess.com"]

[Event "Titled Tuesday Blitz June 15 2021"]
[White "Gunina, Valentina"]
[Black "Nakamura, Hikaru"]
[WhiteFideId "4167570"]
[BlackFideId "2016192"]
[WhiteElo "2399"]
[BlackElo "2900"]
[Result "1/2-1/2"]
[Round "07"]
[TimeControl "180+1"]
[Date "2021.06.15"]
[WhiteClock "0:00:34"]
[BlackClock "0:00:19"]

1. d4 g6 2. c4 Bg7 3. Nf3 f5 4. Nc3 Nf6 5. e3 d6 6. Be2 O-O 7. O-O Qe8 8. b4 e5 9. Qb3 e4 10. Nd2 c6 11. b5 c5 12. dxc5 dxc5 13. Bb2 Be6 14. Nd5 Qf7 15. Nf4 Nbd7 16. Rad1 Ne8 17. Nb1 Nb6 18. Nxe6 Qxe6 19. Nc3 Nf6 20. Nd5 Nfxd5 21. cxd5 Qd6 22. Ba3 Rfe8 23. f3 exf3 24. Bxf3 Nd7 25. e4 fxe4 26. Bg4 Nf8 27. Kh1 b6 28. Qh3 h5 29. Be2 Rad8 30. Bc1 Bd4 31. Bc4 Rd7 32. Bf4 Be5 33. Be3 Rf7 34. Rxf7 Kxf7 35. Rf1+ Kg8 36. Qh4 Nd7 37. Qxe4 Kg7 38. Bd2 Nf6 39. Qe3 Ng4 40. Qf3 Rf8 41. Qxf8+ Qxf8 42. Rxf8 Kxf8 43. h3 Nf6 44. Bg5 Ne4 45. Be3 Nd6 46. Bd3 Kf7 47. a4 h4 48. Kg1 c4 49. Bc2 Kf6 50. Kf2 c3 51. Ke2 Nc4 52. Bf2 g5 53. Kd3 Nd6 54. Be1 Nb7 55. Kc4 Na5+ 56. Kd3 Nb7 57. Kc4 Nd6+ 58. Kd3 Kf7 59. Bf2 Nb7 60. Be1 Kf6 1/2-1/2


[Site "https://www.chess.com"]

[Event "Titled Tuesday Blitz June 15 2021"]
[White "Harshavardhan G B"]
[Black "Harutyunyan, Tigran K."]
[WhiteFideId "25059009"]
[BlackFideId "13303635"]
[WhiteElo "1825"]
[BlackElo "2444"]
[Result "0-1"]
[Round "07"]
[TimeControl "180+1"]
[Date "2021.06.15"]
[WhiteClock "0:00:23"]
[BlackClock "0:00:55"]

1. e4 c5 2. Nf3 Nc6 3. d4 cxd4 4. Nxd4 Nf6 5. Nc3 e5 6. Ndb5 d6 7. Nd5 Nxd5 8. exd5 Nb8 9. Qf3 a6 10. Qa3 Be7 11. Bg5 f6 12. Be3 O-O 13. c4 f5 14. Be2 f4 15. Bd2 Nd7 16. Nxd6 Rf6 17. c5 Nxc5 18. Nxc8 Rxc8 19. O-O Qxd5 20. Rfd1 Rg6 21. Bf3 e4 22. Bxf4 Qf7 23. Bh5 Nd3 24. Bxg6 hxg6 25. Qb3 Qxb3 26. axb3 Nxf4 27. Rd7 Bc5 28. Re1 Bb4 29. Red1 Nd3 30. Kf1 Rc2 31. f3 e3 32. R7xd3 e2+ 33. Kg1 exd1=Q+ 34. Rxd1 Rxb2 35. Rd3 b5 36. h4 a5 37. Kh2 a4 38. bxa4 bxa4 39. Kh3 a3 40. Rd8+ Kh7 41. Ra8 a2 42. g4 Rc2 43. f4 Bc3 44. f5 gxf5 45. g5 a1=Q 46. g6+ Kxg6 47. h5+ Kxh5 48. Rxa1 Bxa1 49. Kg3 Be5+ 50. Kh3 Rh2# 0-1


[Site "https://www.chess.com"]

[Event "Titled Tuesday Blitz June 15 2021"]
[White "Hess, Robert"]
[Black "Plotnikov, Pavel"]
[WhiteFideId "2022036"]
[BlackFideId "4170342"]
[WhiteElo "2557"]
[BlackElo "2298"]
[Result "1/2-1/2"]
[Round "07"]
[TimeControl "180+1"]
[Date "2021.06.15"]
[WhiteClock "0:00:03"]
[BlackClock "0:00:06"]

1. b3 e5 2. Bb2 Nc6 3. e3 Nf6 4. h3 d5 5. Bb5 Bd6 6. Nf3 Qe7 7. d4 e4 8. Ne5 Bd7 9. Nxd7 Qxd7 10. c4 a6 11. Ba4 O-O 12. O-O Qe6 13. cxd5 Nxd5 14. Bxc6 bxc6 15. Nd2 Nb4 16. Bc3 Nd5 17. Rc1 f5 18. Re1 Bb4 19. Bxb4 Nxb4 20. Rc4 Nd3 21. Re2 Nb2 22. Qc1 Nxc4 23. Nxc4 c5 24. dxc5 Rad8 25. Rc2 Rd5 26. Qa3 f4 27. exf4 Rxf4 28. Qc1 Rf8 29. Re2 Qg6 30. Qe3 Rd1+ 31. Kh2 Rf1 32. Qd4 Qc6 33. Ne5 Qf6 34. Rxe4 Rxf2 35. Qc4+ Kh8 36. Ng4 Qf7 37. Nxf2 Qxf2 38. c6 Qxa2 39. Rf4 Rg8 40. Rd4 Qa5 41. Rd5 Qe1 42. Rd7 Qe5+ 43. Kg1 Qe1+ 44. Qf1 Qe3+ 45. Qf2 Qxb3 46. Qf7 Qb1+ 47. Kh2 Qb2 48. Rxc7 Qe5+ 49. Kg1 Qe1+ 50. Kh2 Qe5+ 51. g3 Qe2+ 52. Kg1 Qe1+ 53. Kg2 Qe2+ 54. Qf2 Qe4+ 55. Qf3 Qc2+ 56. Kf1 Qc1+ 57. Ke2 Qb2+ 58. Kf1 Qc1+ 59. Kf2 Qc2+ 60. Qe2 Qf5+ 61. Kg1 Qc5+ 62. Kh2 Rf8 63. Kg2 Qd5+ 64. Kg1 Qd4+ 65. Kg2 Qd5+ 66. Kh2 Qc5 67. Kg2 Qd5+ 1/2-1/2


[Site "https://www.chess.com"]

[Event "Titled Tuesday Blitz June 15 2021"]
[White "Howell, David W L"]
[Black "Solon, Nathan"]
[WhiteFideId "410608"]
[BlackFideId "2017229"]
[WhiteElo "2643"]
[BlackElo "2634"]
[Result "1-0"]
[Round "07"]
[TimeControl "180+1"]
[Date "2021.06.15"]
[WhiteClock "0:00:46"]
[BlackClock "0:00:26"]

1. d4 Nf6 2. Bf4 c5 3. d5 b5 4. f3 Bb7 5. e4 e6 6. dxe6 fxe6 7. Bxb5 Nc6 8. Ne2 d5 9. exd5 exd5 10. O-O Bd6 11. Bg5 O-O 12. Nbc3 d4 13. Ne4 Ne5 14. Bxf6 gxf6 15. Nxd6 Qxd6 16. Ng3 Kh8 17. Qd2 Qb6 18. Be2 Rad8 19. b3 d3 20. cxd3 c4+ 21. d4 Rxd4 22. Qe3 Re8 23. Kh1 cxb3 24. axb3 Bc6 25. Ra6 Qc5 26. Rxc6 1-0


[Site "https://www.chess.com"]

[Event "Titled Tuesday Blitz June 15 2021"]
[White "Indjic, Aleksandar"]
[Black "Mezentsev, Ivan"]
[WhiteFideId "911925"]
[BlackFideId "13706195"]
[WhiteElo "2643"]
[BlackElo "2295"]
[Result "1-0"]
[Round "07"]
[TimeControl "180+1"]
[Date "2021.06.15"]
[WhiteClock "0:00:42"]
[BlackClock "0:00:02"]

1. d4 Nf6 2. c4 g6 3. Nc3 Bg7 4. Nf3 O-O 5. Bg5 d6 6. e3 Nbd7 7. h3 e5 8. Be2 c6 9. Qc2 Qe7 10. O-O Re8 11. Rfe1 h6 12. Bh4 g5 13. Bg3 e4 14. Nd2 Nf8 15. b4 Bf5 16. c5 d5 17. b5 Ng6 18. bxc6 bxc6 19. Qa4 Qd7 20. Rab1 h5 21. Qa6 h4 22. Bd6 g4 23. Rb7 Qe6 24. hxg4 Bxg4 25. Qxc6 Rac8 26. Qb5 h3 27. g3 h2+ 28. Kxh2 Qf5 29. Kg2 Bh3+ 30. Kg1 Ng4 31. Bxg4 Bxg4 32. Qb3 Bf3 33. Qxd5 Ne5 34. dxe5 Bxe5 35. Nxf3 exf3 36. Bxe5 Rxe5 37. Qd7 Rcxc5 38. Qxf5 Rxf5 39. Ne4 Rc3 40. Nxc3 1-0


[Site "https://www.chess.com"]

[Event "Titled Tuesday Blitz June 15 2021"]
[White "Iskusnyh, Sergei"]
[Black "Pakleza, Zbigniew"]
[WhiteFideId "4120027"]
[BlackFideId "1119290"]
[WhiteElo "2492"]
[BlackElo "2526"]
[Result "1-0"]
[Round "07"]
[TimeControl "180+1"]
[Date "2021.06.15"]
[WhiteClock "0:00:24"]
[BlackClock "0:00:04"]

1. d4 d6 2. Nf3 Bg4 3. c4 c6 4. Nc3 Nd7 5. g3 e5 6. Bg2 Ngf6 7. O-O Be7 8. h3 Bh5 9. Nh4 Bg6 10. b3 Qc7 11. Bb2 O-O 12. Nxg6 hxg6 13. e3 Rfe8 14. Qc2 Bf8 15. Rac1 a6 16. Rfd1 Rad8 17. b4 Qb8 18. Qb3 exd4 19. exd4 Nb6 20. d5 cxd5 21. Nxd5 Nbxd5 22. Bxd5 Nxd5 23. Rxd5 Re2 24. Bd4 Rde8 25. Rc2 Re1+ 26. Kh2 Qc8 27. Qf3 Rb1 28. a3 Ree1 29. Be3 Qe6 30. Rcd2 Rbc1 31. c5 dxc5 32. bxc5 Rc3 33. Rd8 Rxa3 34. c6 bxc6 35. Rxf8+ Kh7 36. Rdd8 1-0


[Site "https://www.chess.com"]

[Event "Titled Tuesday Blitz June 15 2021"]
[White "Ivanisevic, Ivan"]
[Black "Grochal, Joey"]
[WhiteFideId "912417"]
[BlackFideId "1019945"]
[WhiteElo "2499"]
[BlackElo "2265"]
[Result "1-0"]
[Round "07"]
[TimeControl "180+1"]
[Date "2021.06.15"]
[WhiteClock "0:01:48"]
[BlackClock "0:01:20"]

1. d4 Nf6 2. c4 e6 3. Nc3 Bb4 4. e3 O-O 5. Bd3 c5 6. Ne2 d5 7. cxd5 cxd4 8. exd4 exd5 9. O-O h6 10. Bf4 Nc6 11. Rc1 a6 12. h3 Re8 13. a3 Bf8 14. Bb1 Na5 15. Ba2 Nc4 16. Nxd5 Nxb2 17. Nxf6+ Qxf6 18. Qd2 Bxa3 19. Be5 Qd8 20. Qc3 Qe7 21. Qg3 g6 22. Qxg6+ 1-0


[Site "https://www.chess.com"]